 Dungeon Crawl Stone Soup version 0.20.1-1-g8b1a95d (webtiles) character file.

1258 Nidhoragg the Protected (level 8, -3/70 HPs)
             Began as a Minotaur Fighter on Oct 22, 2017.
             Was an Initiate of Okawaru.
             Slain by Pikel
             ... wielding a +0 whip of electrocution
              (19 damage)
             ... on level 6 of the Dungeon.
             The game lasted 00:13:22 (3935 turns).

Nidhoragg the Protected (Minotaur Fighter)          Turns: 3935, Time: 00:13:22

Health: -3/70      AC: 15    Str: 24    XL:     8   Next: 27%
Magic:  7/7        EV:  6    Int: 10    God:    Okawaru [......]
Gold:   287        SH:  9    Dex:  9    Spells: 7/7 levels left

rFire    . . .     SeeInvis .   a - +0 flail
rCold    . . .     Gourm    .   c - +0 shield
rNeg     . . .     Faith    .   q - +2 chain mail {MR+}
rPois    .         Spirit   .   (helmet restricted)
rElec    .         Reflect  .   l - +0 cloak
rCorr    +         Harm     .   r - +0 pair of gloves
MR       +....                  (no boots)
Stlth    ..........             (no amulet)
Regen    0.3/turn               e - ring of resist corrosion
MPRegen  0.1/turn               (no ring)

@: brilliant
A: retaliatory headbutt, horns 2
a: Renounce Religion


You were on level 6 of the Dungeon.
You worshipped Okawaru.
Okawaru was noncommittal.
You were not hungry.

You visited 2 branches of the dungeon, and saw 7 of its levels.

You collected 287 gold pieces.

Inventory:

Hand Weapons
 a - a +0 flail (weapon)
Armour
 b - a +0 scale mail
 c - a +0 shield (worn)
 l - a +0 cloak (worn)
 q - a +2 chain mail of magic resistance (worn)
 r - a +0 pair of gloves (worn)
Jewellery
 e - a ring of resist corrosion (left hand)
Scrolls
 d - a scroll of amnesia
 j - 3 scrolls of remove curse
 u - a scroll of fear
 v - a scroll of teleportation
 w - a scroll of blinking
 y - a scroll of identify
Potions
 h - 3 potions of curing
 k - a potion of degeneration {unknown}
 m - a potion of berserk rage {unknown}
 n - a potion of lignification {unknown}
 p - 2 potions of brilliance
 s - a potion of magic {unknown}
 t - a potion of heal wounds {unknown}
 z - a potion of flight {unknown}
 A - a potion of mutation {unknown}
 B - a potion of haste {unknown}
Comestibles
 f - 3 bread rations
 g - 3 meat rations
 i - 4 fruits
 o - a royal jelly
 x - 2 chunks of flesh


   Skills:
 + Level 5.9 Fighting
 + Level 8.0 Maces & Flails
 * Level 8.7 Armour
 - Level 3.6 Shields


You had 7 spell levels left.
You didn't know any spells.

Dungeon Overview and Level Annotations

Branches:
Dungeon (6/15)             Temple (1/1) D:5

Altars:
Ashenzari
Dithmenos
Elyvilon
Fedhas
Gozag
Kikubaaqudgha
Nemelex Xobeh
Okawaru
Qazlal
Ru
Sif Muna
Trog
Uskayaw
Zin
The Shining One

Annotations:
D:6 Pikel


Innate Abilities, Weirdness & Mutations

You reflexively headbutt those who attack you in melee.
You have a pair of horns on your head.


Message History

Pikel is heavily wounded.
You block the slave's attack. The slave barely misses you.
Pikel hits you with a whip of electrocution.
You are electrocuted!
You block the slave's attack.
You sock Pikel!
Pikel is almost dead.
The slave hits you but does no damage. x2; You block Pikel's attack.
The slave closely misses you. You furiously retaliate!
You headbutt the slave.
Your shield and chain mail prevent you from hitting Pikel.
Your headbutt misses Pikel.
Pikel is severely wounded.
The slave hits you but does no damage. You block the slave's attack.
Pikel hits you but does no damage.
You are electrocuted!
* * * LOW HITPOINT WARNING * * *
The slave barely misses you. You furiously retaliate!
You headbutt the slave!
It was a potion of brilliance.
You feel clever all of a sudden. You block the slave's attack.
The slave closely misses you. Pikel hits you but does no damage.
You are electrocuted!
You die...

.......'....#....#
.......#....#....#
.......#....#....#
###.>###...##....#
.###..###...##....#
..................#
..................#
.........K........#
.#######@p####.####
####...##pp####.##
.................#
.................+
.................#
.................#
.................#
.................#
####+###+##...##...##


You could see Pikel and 3 slaves.

Vanquished Creatures
  The ghost of Dwachs the Cudgeler, an amateur DsCK of Xom (D:4)
  Menkaure (D:5)
  A phantom (D:5)
  The ghost of Nidhoragg the Covered, an amateur MiFi (D:3)
  An ice beast (D:5)
  2 centaurs (D:5)
  A howler monkey (D:5)
  2 crimson imps
  A hound (D:5)
  A bullfrog skeleton (D:5)
  An iguana (D:6)
  Natasha (thrice) (D:2)
  3 worker ants
  A gnoll (D:1)
  8 adders
  A shadow imp (D:5)
  An ooze (D:5)
  An adder skeleton (D:4)
  2 worms
  A leopard gecko (D:1)
  9 orcs
  4 ball pythons
  A giant cockroach (D:2)
  6 goblins
  7 hobgoblins
  5 quokkas
  4 bats (D:2)
  3 frilled lizards
  11 kobolds
  6 rats
90 creatures vanquished.

Notes
Turn   | Place    | Note
-------+----------+-------------------------------------------
     0 | D:1      | Nidhoragg the Minotaur Fighter began the quest for the Orb.
     0 | D:1      | Reached XP level 1. HP: 19/19 MP: 0/0
   102 | D:1      | Reached XP level 2. HP: 25/27 MP: 1/1
   548 | D:2      | Reached XP level 3. HP: 27/33 MP: 2/2
   570 | D:2      | Found a shadowy altar of Dithmenos.
   573 | D:2      | Found a shattered altar of Ashenzari.
   574 | D:2      | Found an ancient bone altar of Kikubaaqudgha.
   594 | D:2      | Noticed Natasha
   602 | D:2      | Killed Natasha
   638 | D:2      | Reached skill level 5 in Armour
   780 | D:2      | Reached XP level 4. HP: 34/40 MP: 3/3
   953 | D:2      | Noticed Natasha
   968 | D:2      | Killed Natasha
  1071 | D:2      | Noticed Natasha
  1087 | D:2      | Killed Natasha
  1087 | D:2      | Reached XP level 5. HP: 38/47 MP: 4/4
  1254 | D:3      | Found a white marble altar of Elyvilon.
  1316 | D:3      | Noticed Nidhoragg's ghost (amateur MiFi)
  1329 | D:3      | Killed Nidhoragg's ghost
  1530 | D:3      | Found a glowing golden altar of the Shining One.
  1699 | D:3      | Reached XP level 6. HP: 52/53 MP: 5/5
  1969 | D:4      | Noticed Dwachs's ghost (amateur DsCK)
  1982 | D:4      | Killed Dwachs's ghost
  1982 | D:4      | Reached skill level 5 in Fighting
  1982 | D:4      | Reached skill level 5 in Maces & Flails
  2457 | D:4      | Reached XP level 7. HP: 61/61 MP: 6/6
  3066 | D:5      | Entered Level 5 of the Dungeon
  3069 | D:5      | Noticed Menkaure
  3074 | D:5      | Killed Menkaure
  3390 | D:5      | Reached XP level 8. HP: 61/70 MP: 7/7
  3449 | D:5      | Found a staircase to the Ecumenical Temple.
  3455 | Temple   | Entered the Ecumenical Temple
  3528 | Temple   | Became a worshipper of Warmaster Okawaru
  3908 | D:6      | Noticed Pikel
  3935 | D:6      | Slain by Pikel

Skill      XL: |  1  2  3  4  5  6  7  8 |
---------------+-------------------------+-----
Armour         | 4 5 6 7 8 |  8.7
Fighting       | 4 5 |  5.9
Maces & Flails | 3 4 5 7 8 |  8.0
Shields        | |  3.6

Action                   |  1- 3 |  4- 6 |  7- 9 || total
-------------------------+-------+-------+-------++-------
Melee: Flail             |    72 |   127 |   119 ||   318
       Headbutt          |     8 |    16 |    22 ||    46
  Use: Scroll            |     5 |     6 |       ||    11
       Potion            |       |     1 |     1 ||     2
 Stab: Invisible         |       |     1 |       ||     1
  Eat: Chunk             |       |     3 |     3 ||     6
       Bread ration      |       |     1 |       ||     1
Armor: Scale mail        |    19 |       |       ||    19
       Chain mail        |     9 |    69 |    71 ||   149
Dodge: Dodged            |    22 |    21 |    29 ||    72
Block: Shield            |    39 |    76 |    55 ||   170
